Map: Ulrena

Players

Miszu

  • Race: Terran Terran
  • League: Master

lIlIIllIlIIl (Namshar) - Winner!

  • Race: Zerg Zerg
  • League: Master

VOD

Have the link to the VOD?

Description

Time

  • Played on: April 30, 2016, 4:01 p.m.
  • Length: 5:29
Show
View Real Time Build Order
Export as new Build Order

Miszu Terran 

Build Orders:  

Get SALT Encoding   

  12  0:01  SCV  
  13  0:13  SCV  
  14  0:20  Supply Depot  
  14  0:25  SCV  
  15  0:41  SCV  
  15  0:42  Barracks  
  16  0:53  SCV  
  17  1:06  SCV  
  18  1:17  Command Center  
  18  1:28  Orbital Command  
  18  1:29  Marine  
  19  1:36  Supply Depot  
  19  1:47  Marine  
  20  1:54  SCV  
  21  2:03  Barracks  
  21  2:04  Barracks  
  21  2:06  SCV  
  22  2:08  Marine  
  22  2:15  Refinery  
  23  2:17  Refinery  
  23  2:19  SCV  
  24  2:31  SCV, Orbital Command  
  25  2:37  Marine  
  25  2:43  SCV  
  28  2:51  Marine  
  28  2:53  Barracks Tech Lab  
  28  2:55  SCV  
  28  2:56  Marine  
  28  2:58  SCV  
  31  3:07  Bunker, SCV  
  31  3:09  Marine  
  31  3:10  SCV  
  34  3:19  SCV  
  34  3:20  Marine x2  
  34  3:27  Marine  
  33  3:34  SCV  
  33  3:37  Marine  
  33  3:38  Marine  
  33  3:41  Supply Depot  
  36  3:45  Marine  
  37  3:50  Supply Depot  
  37  4:02  Marine x2  
  32  4:03  Marine  
  32  4:09  SCV  
  30  4:10  SCV  
  28  4:20  Marine  
  28  4:21  Marine  
  28  4:22  Barracks Tech Lab, SCV  
  27  4:26  SCV  
  28  4:35  SCV  
  28  4:38  Marine x2  
  30  4:42  Factory  
  30  4:43  SCV  
  30  4:44  Marine  
  33  4:48  SCV  
  34  4:55  Marine, SCV  
  34  4:56  Marine  
  37  5:00  SCV  
  37  5:02  Marine  
  37  5:03  Engineering Bay  
  39  5:07  SCV  
  39  5:13  SCV  
  41  5:24  Bunker  
Show
View Real Time Build Order
Export as new Build Order

lIlIIllIlIIl Zerg - Winner!

Build Orders: Pool First 

Get SALT Encoding   

  12  0:00  Drone  
  13  0:13  Overlord  
  13  0:18  Drone  
  14  0:32  Drone x2  
  14  0:35  Drone  
  17  0:46  Spawning Pool  
  17  0:50  Drone  
  17  1:11  Hatchery  
  16  1:14  Drone  
  16  1:17  Extractor  
  17  1:18  Drone  
  17  1:23  Drone  
  18  1:29  Drone  
  19  1:34  Queen  
  21  1:41  Overlord  
  21  1:51  Drone  
  22  1:55  Roach Warren  
  22  2:01  Drone  
  22  2:10  Queen  
  24  2:35  Roach x5  
  34  2:41  Overlord  
  34  2:44  Roach  
  34  2:49  Overlord  
  36  3:00  Roach  
  36  3:01  Drone x2  
  36  3:04  Drone  
  41  3:09  Overlord  
  41  3:16  Drone  
  41  3:19  Drone x2  
  44  3:21  Ravager  
  43  3:32  Drone x4  
  47  3:36  Overlord  
  47  3:38  Drone  
  44  4:05  Drone x2  
  43  4:13  Extractor  
  43  4:15  Roach x3  
  43  4:16  Roach x3  
  52  4:23  Roach  
  50  4:24  Overlord  
  50  4:25  Overlord  
  50  4:27  Queen  
  50  4:28  Drone x2  
  50  4:29  Drone  
  55  4:37  Drone x2  
  57  4:41  Extractor, Drone x5  
  61  4:53  Hatchery  
  61  4:57  Drone  
  62  5:00  Ravager x2  
  62  5:04  Roach x2  
Tags
 
Matchup
TvZ
Opening
Pool First
Player
Namshar
Add a new tag
Caveats
  • Supply blocks, unpowered buildings, or Contaminate may cause inaccurate times.
  • Supply counts are checked every 10 seconds.